 Dungeon Crawl Stone Soup version 0.24-a0-507-g3e8b242632 (webtiles) character file.

Game seed: 1896739548842116280

49 Gynju the Sneak (level 3, 0/16 HPs)
             Began as a Spriggan Enchanter on July 19, 2019.
             Slain by a worm (8 damage)
             ... on level 2 of the Dungeon.
             The game lasted 00:03:11 (1857 turns).

Gynju the Sneak (Spriggan Enchanter)                Turns: 1857, Time: 00:03:11

Health: 0/16       AC:  2    Str:  4    XL:     3   Next: 53%
Magic:  7/8        EV: 19    Int: 16    God:
Gold:   47         SH:  0    Dex: 17    Spells: 7/8 levels left

rFire    . . .     SeeInvis +   a - +1 dagger
rCold    . . .     Gourm    .   (shield restricted)
rNeg     . . .     Faith    .   b - +0 robe
rPois    .         Spirit   .   (helmet restricted)
rElec    .         Reflect  .   (no cloak)
rCorr    .         Harm     .   (gloves unavailable)
MR       .....                  (boots unavailable)
Stlth    +++.......             (no amulet)
HPRegen  0.05/turn              (no ring)
MPRegen  0.11/turn              (no ring)

@: very slightly contaminated, very quick
A: very small, unfitting armour, see invisible, herbivore, speed 3, slow
metabolism 2
a: no special abilities


You were on level 2 of the Dungeon.
You were not hungry.

You visited 1 branch of the dungeon, and saw 2 of its levels.

You collected 47 gold pieces.

Inventory:

Hand Weapons
 a - a +1 dagger (weapon)
Missiles
 f - 23 stones (quivered)
 l - 9 poisoned darts
 n - 13 sling bullets
Armour
 b - a +0 robe (worn)
Jewellery
 j - an uncursed ring of fire {unknown}
Scrolls
 c - a scroll of enchant armour {unknown}
 i - 3 scrolls of identify {unknown}
 k - a scroll of teleportation {unknown}
 m - a scroll of enchant weapon {unknown}
Potions
 e - 4 potions of curing {unknown}
 g - a potion of magic {unknown}
 h - a potion of heal wounds {unknown}
Comestibles
 d - 6 rations


   Skills:
 + Level 1.9 Short Blades
 - Level 3.7 Dodging
 + Level 5.1 Stealth
 - Level 3.2 Spellcasting
 - Level 4.1 Hexes


You had 7 spell levels left.
You knew the following spells:

 Your Spells              Type           Power        Failure   Level  Hunger
a - Corona                Hex            ###....      3%          1    None

Your spell library contained the following spells:

 Spells                   Type           Power        Failure   Level  Hunger
 Confuse                  Hex            ###.....     11%         3    ###....
 Tukima's Dance           Hex            ###.....     11%         3    ###....
 Ensorcelled Hibernation  Hex/Ice        #.....       12%         2    ##.....
 Dazzling Spray           Conj/Hex       #.....       24%         3    ###....


Dungeon Overview and Level Annotations

Branches:
Dungeon (2/15)

Altars:


Innate Abilities, Weirdness & Mutations

You are very small and have problems with some larger weapons.
You are too small for most types of armour.
You have supernaturally acute eyesight. (SInv)
You are a herbivore.
You cover ground extremely quickly.
You need to consume almost no food.


Message History

You hit the worm.
The worm is severely wounded.
You hit the worm.
The worm is almost dead.
The worm stops glowing.
The worm completely misses you.
You hit the worm.
The worm is almost dead.
You hit the worm.
The worm is almost dead.
The worm closely misses you.
You barely miss the worm.
The worm is almost dead.
You barely miss the worm.
The worm is almost dead.
The worm completely misses you.
You hit the worm.
The worm is almost dead.
The worm bites you!
Ouch! That really hurt!
You die...

##.# #.##.. #..#
######.##.. ##.##
#.......#.. ##...##
#.......... #.#.#.#
#.....).#.. ##...##
#.......#.. ##.##
#......†...
#.######.......#..
#@#......#######.#
#w#.##......####.#
#......# #.#...†.
######.#### #.#.##.# .
#.......###.##......#
##.#.####......##.#.####
...#.#####.######.......
#.......##.# ##.######
#....##.##†# #...#


You could see a worm.

Vanquished Creatures
  2 dart slugs
  2 leopard geckos (D:1)
  3 bats (D:1)
  2 giant cockroaches (D:2)
  5 goblins
  8 hobgoblins (D:1)
  5 jackals
  5 kobolds
  A frilled lizard (D:2)
  5 rats
38 creatures vanquished.

Notes
Turn   | Place    | Note
-------+----------+-------------------------------------------
     0 | D:1      | Gynju the Spriggan Enchanter began the quest for the Orb.
     0 | D:1      | Reached XP level 1. HP: 9/9 MP: 5/5
   337 | D:1      | Reached XP level 2. HP: 2/13 MP: 3/6
  1282 | D:1      | Reached XP level 3. HP: 14/16 MP: 8/8
  1661 | D:2      | Reached skill level 5 in Stealth
  1857 | D:2      | Slain by a worm

Levels and vault maps discovered:
D:1:      minmay_arrival_hallway, layout_basic
D:2:      layout_loops_cross

Skill      XL: |  1  2  3 |
---------------+----------+-----
Spellcasting   | 3 |  3.2
Hexes          | 4 |  4.1
Stealth        | 5 |  5.1
Short Blades   | |  1.9
Dodging        | |  3.7

Action                   || total
-------------------------++-------
Melee: Dagger            ||   133
 Cast: Corona            ||    14
 Stab: Sleeping          ||    20
Armor: Robe              ||     6
Dodge: Dodged            ||   110

Table legend:
 A = Non-vault XP
 B = Vault XP
 C = Vault XP percentage of total XP
 D = Non-vault monster count
 E = Vault monster count
 F = Vault count percentage of total count
                 A         B        C        D         E       F
            +---------+---------+-------+---------+---------+-------
      Total |      71 |       0 |   0.0 |      38 |       0 |   0.0
            +---------+---------+-------+---------+---------+-------
        D:1 |      51 |       0 |   0.0 |      27 |       0 |   0.0
        D:2 |      20 |       0 |   0.0 |      11 |       0 |   0.0
            +---------+---------+-------+---------+---------+-------
